 Dungeon Crawl Stone Soup version 0.25.0-46-gbd7b0854d2 (webtiles) character file.

Game seed: 10396660148380942893

350 Tommers the Stinger (level 6, -8/38 HPs)
             Began as an Octopode Venom Mage on July 18, 2020.
             Killed by divine providence
             ... invoked by an orc priest
              (11 damage)
             ... on level 4 of the Dungeon.
             The game lasted 00:13:47 (4739 turns).

Tommers the Stinger (Octopode Venom Mage)           Turns: 4739, Time: 00:13:47

Health: -8/38      AC:  1    Str:  7    XL:     6   Next: 60%
Magic:  2/10       EV: 14    Int: 19    God:
Gold:   206        SH:  6    Dex: 13    Spells: 4/11 levels left

rFire    . . .     SeeInvis .   e - +0 long sword
rCold    + . .     Gourm    .   n - +1 buckler
rNeg     . . .     Faith    .   (helmet restricted)
rPois    +         Spirit   .   (no amulet)
rElec    .         Reflect  .   f - ring of protection from cold
rCorr    .         Harm     .   o - ring of poison resistance
MR       .....                  u - ring of wizardry
Stlth    +++.......             (no ring)
HPRegen  0.12/turn              (no ring)
MPRegen  0.12/turn              (no ring)
                                (no ring)
                                (no ring)

@: no status effects
A: almost no armour, stealthy swim, amphibious, 8 rings, constrict 8, camouflage
1, gelatinous body 1
a: no special abilities


You were on level 4 of the Dungeon.
You were not hungry.

You visited 1 branch of the dungeon, and saw 4 of its levels.

You collected 206 gold pieces.

Inventory:

Hand Weapons
 d - a +0 dagger
 e - a +0 long sword (weapon)
 g - a +0 whip
 i - a +0 great sword
 k - a +1 flail
Missiles
 q - 9 poisoned darts (quivered)
 r - a throwing net
Armour
 n - a +1 buckler (worn)
Jewellery
 f - a ring of protection from cold (left tentacle)
 o - a ring of poison resistance (right tentacle)
 u - a ring of wizardry (on tentacle)
Wands
 w - a wand of clouds (6)
Scrolls
 c - a scroll of amnesia
 j - a scroll of fear
 m - a scroll of immolation {unknown}
 s - 2 scrolls of remove curse
Potions
 a - 2 potions of lignification
 h - a potion of heal wounds
 l - a potion of magic
 p - 2 potions of resistance {unknown}
 t - a potion of flight {unknown}
 x - a potion of stabbing {unknown}
Comestibles
 b - 8 rations
 v - 3 chunks of flesh


   Skills:
 + Level 1.2 Fighting
 + Level 0.4 Long Blades
 + Level 2.6 Dodging
 - Level 3.2 Stealth
 + Level 4.0 Shields
 * Level 3.0 Spellcasting
 + Level 0.3 Conjurations
 - Level 1.5 Transmutations
 + Level 0.4 Fire Magic
 + Level 0.8 Air Magic
 + Level 4.1 Poison Magic
 + Level 0.8 Evocations


You had 4 spell levels left.
You knew the following spells:

 Your Spells              Type           Power        Failure   Level  Hunger
a - Sting                 Tmut/Pois      ##..         1%          1    None
b - Ignite Poison         Fire/Tmut/Pois ##......     9%          3    ###....
c - Mephitic Cloud        Conj/Pois/Air  #.......     9%          3    ###....

Your spell library contained the following spells:

 Spells                   Type           Power        Failure   Level  Hunger
 Poisonous Vapours        Pois/Air       ##....       3%          2    ##.....
 Olgreb's Toxic Radiance  Pois           ###.....     12%         4    ####...


Dungeon Overview and Level Annotations

Branches:
Dungeon (4/15)
 Temple: D:4-7

Altars:
Trog

Shops:
D:4 =


Innate Abilities, Weirdness & Mutations

You cannot wear most types of armour.
You are very stealthy in the water. (Stealth+)
You are amphibious.
You can wear up to eight rings at the same time.
You can use your tentacles to constrict eight enemies at once.
Your skin changes colour to match your surroundings (Stealth+).
Your rubbery body absorbs attacks. (AC +1, EV +1)


Message History

Confirm with . or Enter, or press ? or * to list all spells.
Aiming: Sting (safe; 1% risk of failure)
Press: ? - help, Shift-Dir - straight line, f/p - orc priest
Aim: an orc priest, wielding a +0 club (lightly wounded, poisoned)
The sting hits the orc priest.
The orc priest looks even sicker.
The orc priest is moderately wounded.
The orc priest invokes the aid of Beogh against you.
Beogh smites you!
You barely miss the orc priest. Your grab misses the orc priest.
The orc priest is moderately wounded.
The orc priest hits you with a +0 club.
The orc priest mumbles some strange prayers to Beogh against you.
Pain shoots through your body!
* * * LOW HITPOINT WARNING * * *
You closely miss the orc priest. You grab the orc priest.
The orc priest is heavily wounded.
You constrict the orc priest.
The orc priest mumbles some strange prayers to Beogh against you.
Beogh smites you!
You die...

............. ...?......# #.
#####.###### #####.##o.# #.
#.# #.##..# #. #.# #.##..##
.. #.# #######)##...#######.
#.#######.......o.........^..
#.......#.###.####.#..###....
#######.#.###o# #.#..# #
#.#.##@#.###.#..#
#.#.#>###.##.#..#
#......#..##.#..#######
###.###...##.#..#...... #.#
#......#..#.#####
#<###...####..#.####.
#.(..............>...
#####...#######.####.
#...#######.###.#


You could see an orc priest (very poisoned).

Vanquished Creatures
  An ogre (D:3)
  Terence (D:3)
  An iguana (D:4)
  Natasha (twice) (D:3)
  A worker ant (D:4)
  A howler monkey skeleton (D:4)
  5 adders
  2 worms
  A dart slug (D:2)
  2 leopard geckos
  7 orcs
  2 giant cockroaches
  10 hobgoblins
  4 jackals (D:1)
  7 kobolds
  A quokka (D:3)
  2 ball pythons
  7 bats
  8 frilled lizards
  7 goblins
  8 rats
80 creatures vanquished.

Notes
Turn   | Place    | Note
-------+----------+-------------------------------------------
     0 | D:1      | Tommers the Octopode Venom Mage began the quest for the
                  | Orb.
     0 | D:1      | Reached XP level 1. HP: 11/11 MP: 3/3
   331 | D:1      | Reached XP level 2. HP: 17/17 MP: 0/5
   970 | D:2      | Reached XP level 3. HP: 14/22 MP: 6/6
  1717 | D:2      | Reached skill level 1 in Fighting
  1809 | D:2      | Reached XP level 4. HP: 27/28 MP: 8/8
  2034 | D:2      | Found a bloodstained altar of Trog.
  2274 | D:3      | Noticed Terence
  2300 | D:3      | Killed Terence
  2300 | D:3      | Reached skill level 1 in Shields
  2807 | D:3      | Noticed an ogre
  2819 | D:3      | Killed an ogre
  2819 | D:3      | Reached XP level 5. HP: 4/33 MP: 3/9
  2896 | D:3      | Noticed Natasha
  3118 | D:3      | Killed Natasha
  3357 | D:3      | Learned a level 3 spell: Ignite Poison
  3361 | D:3      | Learned a level 3 spell: Mephitic Cloud
  3403 | D:3      | Reached XP level 6. HP: 38/38 MP: 6/10
  3951 | D:3      | Noticed Natasha
  3960 | D:3      | Killed Natasha
  4320 | D:4      | Noticed a phantom
  4684 | D:4      | Found Maech's Jewellery Boutique.
  4739 | D:4      | Killed from afar by an orc priest

Illustrated notes

Levels and vault maps discovered:
D:1:      dpeg_arrival_tiny_a, layout_loops_ring
D:2:      layout_rooms, trog_hazing_becter
D:3:      wad_river_or_something, layout_basic, uniq_natasha, uniq_terence
D:4:      layout_loops_ring, overflow_temple_1_default, serial_shops,
          kennysheep_mini

Skill      XL: |  1  2  3  4  5  6 |
---------------+-------------------+-----
Stealth        | 3 |  3.2
Poison Magic   | 4 |  4.1
Fighting       | 1 |  1.2
Shields        | 3 4 |  4.0
Spellcasting   | 3 |  3.0
Long Blades    | |  0.4
Dodging        | |  2.6
Conjurations   | |  0.3
Transmutations | |  1.5
Fire Magic     | |  0.4
Air Magic      | |  0.8
Evocations     | |  0.8

Action                   |  1- 3 |  4- 6 || total
-------------------------+-------+-------++-------
Melee: Unarmed           |     4 |       ||     4
       Dagger            |     6 |       ||     6
       Constrict         |    11 |    20 ||    31
       Tentacles         |     7 |    13 ||    20
       Whip              |    43 |       ||    43
       Flail             |       |    42 ||    42
       Great sword       |       |    11 ||    11
       Long sword        |       |    29 ||    29
Throw: Dart              |       |     2 ||     2
 Cast: Sting             |    25 |    70 ||    95
  Use: Potion            |       |     1 ||     1
       Scroll            |       |     8 ||     8
 Stab: Sleeping          |     6 |     5 ||    11
  Eat: Chunk             |     3 |     9 ||    12
Armor: Skin              |     4 |    14 ||    18
Dodge: Dodged            |    36 |    80 ||   116
Block: Buckler           |       |     8 ||     8
       Rpst.: Great sword |       |     3 ||     3
       Long sword        |       |     3 ||     3
